 Dungeon Crawl Stone Soup version 0.28.0-45-g0d030f2227 (webtiles) character file.

Game seed: 946555787100346103

3189 pkoi the Martial Artist (level 9, -9/70 (74) HPs)
             Began as a Demigod Fighter on Apr 23, 2022.
             Mangled by a two-headed ogre
             ... wielding a +0 giant club
              (16 damage)
             ... on level 9 of the Dungeon.
             The game lasted 00:17:22 (12454 turns).

pkoi the Martial Artist (Demigod Fighter)          Turns: 12454, Time: 00:17:23

HP:   -9/70 (74)    AC: 15    Str: 17    XL:     9   Next: 37%
MP:   20/20         EV: 10    Int: 18    God:
Gold: 537           SH:  6    Dex: 17    Spells: 8/8 levels left

rFire   + . .      SeeInvis .     - Unarmed
rCold   . . .      Faith    .   b - +0 buckler
rNeg    . . .      Spirit   .   m - +2 scale mail {rF+}
rPois   .          Reflect  .   (no helmet)
rElec   +          Harm     .   (no cloak)
rCorr   .          Rampage  .   x - +2 pair of gloves {hurl}
Will    +....                   n - +1 pair of boots
Stlth   ..........              (no amulet)
HPRegen 0.21/turn               l - ring "Veschu" {rElec MP+9}
MPRegen 0.17/turn               i - ring of willpower

@: drained
A: high MP 1, forlorn, divine attributes
a: no special abilities


You were on level 9 of the Dungeon.
You visited 1 branch of the dungeon, and saw 9 of its levels.
You also visited: Sewer.

You collected 537 gold pieces.

Inventory:

Hand Weapons
 d - a +0 spear
 e - a +0 short sword
 j - a +0 short sword of venom
 o - a +1 dagger of freezing
Missiles
 a - a curare-tipped dart
 y - 2 silver javelins
 A - 2 boomerangs (quivered)
Armour
 b - a +0 buckler (worn)
 m - a +2 scale mail of fire resistance (worn)
 n - a +1 pair of boots (worn)
 x - a +2 pair of gloves of hurling (worn)
Jewellery
 f - a ring of positive energy
 i - a ring of willpower (right hand)
 l - the ring "Veschu" (left hand) {rElec MP+9}
   (You acquired it on level 4 of the Dungeon)

   [ring of magical power]

   rElec:     It insulates you from electricity.
   MP:        It affects your magic capacity (+9).
Wands
 p - a wand of digging (8)
 q - a wand of flame (17)
 E - a wand of polymorph (19)
Scrolls
 g - 5 scrolls of fear
 h - a scroll of magic mapping {unknown}
 s - 4 scrolls of teleportation
 G - 2 scrolls of amnesia
Potions
 c - 2 potions of might
 k - a potion of haste
 r - 2 potions of curing
 u - 2 potions of heal wounds
 w - a potion of resistance
 z - a potion of berserk rage {unknown}
 B - 2 potions of brilliance {unknown}
 F - 2 potions of mutation {unknown}


   Skills:
 - Level 5.0 Fighting
 + Level 6.1 Armour
 - Level 2.1 Dodging
 + Level 6.1 Shields
 * Level 8.6 Unarmed Combat


You had 8 spell levels left.
You didn't know any spells.
Your spell library contained the following spells:

 Spells                   Type           Power      Damage    Failure   Level
 Ensorcelled Hibernation  Hex/Ice        0%         N/A       77%         2
 Passwall                 Tmut/Erth      0%         N/A       77%         2
 Sublimation of Blood     Necr           0%         N/A       77%         2
 Wereblood                Tmut           0%         N/A       77%         2
 Swiftness                Air            0%         N/A       94%         3
 Tukima's Dance           Hex            0%         N/A       94%         3
 Vampiric Draining        Necr           0%         2d6       94%         3
 Anguish                  Hex/Necr       0%         N/A       100%        4
 Passage of Golubria      Tloc           0%         N/A       100%        4
 Silence                  Hex/Air        0%         N/A       100%        5
 Enfeeble                 Hex            0%         N/A       100%        7
 Summon Hydra             Summ           0%         N/A       100%        7
 Lehudib's Crystal Spear  Conj/Erth      0%         10d2      100%        8
 Death's Door             Necr           0%         N/A       100%        9


Dungeon Overview and Level Annotations

Branches:
Dungeon (8/15)             Temple (0/1) D:7           Sewer (visited)
   Lair: D:8-11

Shops:
D:8 *


Innate Abilities, Weirdness & Mutations

You have an increased reservoir of magic. (+10% MP)
You shall have no god before yourself.
Your divine heritage dramatically boosts your attributes as you level up.


Message History

The two-headed ogre is heavily wounded.
The two-headed ogre hits you with a +0 giant club.
The two-headed ogre completely misses you.
You hit the two-headed ogre but do no damage.
The two-headed ogre is moderately wounded.
The two-headed ogre hits you with a +0 giant club!
The two-headed ogre closely misses you.
You closely miss the two-headed ogre.
The two-headed ogre is moderately wounded.
You hit the two-headed ogre but do no damage.
The two-headed ogre is moderately wounded.
The two-headed ogre misses you.
The two-headed ogre hits you with a +0 giant club!
* * * LOW HITPOINT WARNING * * *
You hit the two-headed ogre.
The two-headed ogre is heavily wounded.
The two-headed ogre closely misses you. The two-headed ogre misses you.
You barely miss the two-headed ogre.
The two-headed ogre is heavily wounded.
You hit the two-headed ogre.
The two-headed ogre is heavily wounded.
You block the two-headed ogre's attack.
The two-headed ogre hits you with a +0 giant club!!
* * * LOW HITPOINT WARNING * * *
You hit the two-headed ogre.
The two-headed ogre is severely wounded.
The two-headed ogre closely misses you. You block the two-headed ogre's attack.
You punch the two-headed ogre!
The two-headed ogre is severely wounded.
You hit the two-headed ogre.
The two-headed ogre is severely wounded.
The two-headed ogre hits you with a +0 giant club!
* * * LOW HITPOINT WARNING * * *
The two-headed ogre hits you with a +0 giant club!
* * * LOW HITPOINT WARNING * * *
You completely miss the two-headed ogre.
The two-headed ogre is severely wounded.
The two-headed ogre barely misses you.
The two-headed ogre hits you with a +0 giant club!
You die...

.##.## ...... ......
###.#..# #.#..## ######
#.#... ....## #.#..#
#... #.#..# #..#####...
#.#..# #..@O......
###.#.########.######...
................#
##.##.#.###>#..(#
#.##.#.# #.#...#
#.##.#.# #.#.)##
#.##.#.# #..... #.##.#.#
###..## ..##.#.# #...


You could see a two-headed ogre.

Vanquished Creatures
  Grinder (D:4)
  Prince Ribbit (D:8)
  Sigmund (D:3)
  A wyvern (D:7)
  A water moccasin (D:7)
  Pargi (Sewer)
  2 ice beasts
  A sky beast (D:4)
  3 necrophages
  3 ogres
  2 centaurs (D:7)
  A phantom (D:6)
  A kobold brigand (D:7)
  2 bullfrogs (D:8)
  A wyvern skeleton (D:7)
  3 wights (D:9)
  A centaur zombie (D:7)
  A howler monkey (D:6)
  A crimson imp (D:3)
  3 hounds
  2 jellies
  4 orc priests
  4 bullfrog skeletons
  An iguana (D:4)
  Terence (D:2)
  5 orc wizards
  A killer bee zombie (D:7)
  A hound zombie (D:5)
  A mummy (D:6)
  3 adders
  3 white imps
  An ufetubus (D:4)
  A worm (D:3)
  A dart slug (D:1)
  13 orcs
  3 endoplasms
  5 giant cockroaches
  8 hobgoblins
  8 jackals
  18 kobolds
  9 quokkas
  5 ball pythons
  5 bats
  4 frilled lizards
  6 goblins
  7 hobgoblin zombies
  A kobold zombie (D:6)
  An orc skeleton (D:3)
  2 orc zombies
  6 rats
161 creatures vanquished.

Vanquished Creatures (others)
  3 fungi (D:8)
  5 plants
8 creatures vanquished.

Grand Total: 169 creatures vanquished

Notes
Turn   | Place    | Note
-------+----------+-------------------------------------------
     0 | D:1      | pkoi the Demigod Fighter began the quest for the Orb.
     0 | D:1      | Reached XP level 1. HP: 18/18 MP: 3/3
    32 | D:1      | Reached skill level 2 in Unarmed Combat
   601 | D:1      | Reached XP level 2. HP: 18/25 MP: 4/4
   963 | D:1      | Reached skill level 3 in Unarmed Combat
  1224 | D:2      | Noticed Terence
  1245 | D:2      | Killed Terence
  1246 | D:2      | Reached XP level 3. HP: 20/30 MP: 5/5
  2041 | D:3      | Reached skill level 1 in Dodging
  2041 | D:3      | Reached XP level 4. HP: 25/37 MP: 6/6
  2262 | D:3      | Noticed Sigmund
  2732 | D:3      | Killed Sigmund
  2733 | D:3      | Reached skill level 4 in Unarmed Combat
  2733 | D:3      | Reached XP level 5. HP: 45/45 MP: 7/7
  3218 | D:4      | Noticed a sky beast
  3231 | D:4      | Killed a sky beast
  3232 | D:4      | Reached XP level 6. HP: 51/51 MP: 8/8
  4037 | D:5      | Entered Level 5 of the Dungeon
  4374 | D:4      | Reached skill level 5 in Unarmed Combat
  4374 | D:4      | Reached XP level 7. HP: 58/58 MP: 9/9
  5312 | D:5      | Got Cigotuvi's Handbook of Necromancy
  5363 | D:5      | Noticed Grinder
  5694 | D:4      | Identified a scroll of acquirement
  5694 | D:4      | Acquired the ring "Veschu" {rElec MP+9}
  5705 | D:4      | Killed Grinder
  5986 | D:4      | Reached skill level 6 in Unarmed Combat
  6258 | D:4      | Reached XP level 8. HP: 49/67 MP: 10/10
  8259 | D:6      | Reached skill level 5 in Armour
  8273 | D:6      | Found a glowing drain.
  8277 | D:6      | Reached skill level 5 in Fighting
  8295 | Sewer    | Entered a sewer
  8391 | Sewer    | Noticed Pargi
  8404 | Sewer    | Killed Pargi
  8405 | Sewer    | Reached skill level 5 in Shields
  8405 | Sewer    | Reached skill level 7 in Unarmed Combat
  9721 | D:7      | Reached XP level 9. HP: 24/74 MP: 11/11
 10412 | D:7      | Found a staircase to the Ecumenical Temple.
 10420 | D:7      | Noticed Maggie
 10436 | D:7      | Noticed Maggie
 10436 | D:7      | Maggie changed into Maggie the wyvern
 10448 | D:7      | Killed Maggie the wyvern
 10645 | D:7      | Reached skill level 8 in Unarmed Combat
 11142 | D:8      | Noticed Prince Ribbit
 11791 | D:8      | Killed Prince Ribbit
 12107 | D:8      | Found Fum Paneb's Assorted Antiques.
 12139 | D:8      | You fall into a shaft and drop 1 floor!
 12440 | D:9      | Noticed a two-headed ogre
 12454 | D:9      | Mangled by a two-headed ogre

Illustrated notes

Levels and vault maps discovered:
D:1:      minmay_arrival_four_houses, layout_basic
D:2:      layout_rooms, kennysheep_generic_room_5, uniq_terence
D:3:      layout_basic, nicolae_tso_besieged_by_evil, lexackson_kobold_supper,
          uniq_sigmund
D:4:      layout_rooms, chequers_serial_rivers_large_b
D:5:      layout_loops_ring, grunt_decor_mini_mirrors, uniq_grinder
D:6:      layout_basic, gup_sewer_entry_pipe, minmay_mini_ossuary
D:7:      layout_layer_cave, minmay_temple_entry_glassed_door, uniq_maggie
D:8:      layout_cave_pools, dpeg_oklobed_lair, nicolae_inconvenience_store,
          uniq_prince_ribbit1
D:9:      layout_loops_ring, patterned_corridor

Skill      XL: |  1  2  3  4  5  6  7  8  9 |
---------------+----------------------------+-----
Unarmed Combat | 2 3 4 5 6 7 8 |  8.6
Armour         | 3 4 5 6 |  6.1
Dodging        | 1 2 |  2.1
Fighting       | 3 4 5 |  5.0
Shields        | 3 4 5 6 |  6.1

Action                   |  1- 3 |  4- 6 |  7- 9 || total
-------------------------+-------+-------+-------++-------
Melee: Unarmed           |    82 |     6 |   452 ||   540
       Short sword       |    82 |    91 |    57 ||   230
       Dagger            |       |    35 |       ||    35
Throw: Boomerang         |       |       |     2 ||     2
Evoke: Wand              |       |       |     1 ||     1
  Use: Scroll            |       |     3 |     5 ||     8
       Potion            |       |       |     4 ||     4
Armor: Scale mail        |    76 |    45 |   248 ||   369
       Plate armour      |    25 |       |       ||    25
       Skin              |       |       |     3 ||     3
Dodge: Dodged            |    73 |    55 |   236 ||   364
Block: Buckler           |    37 |    34 |   142 ||   213
